 Dungeon Crawl Stone Soup version 0.29.0-4-gdea44cf6ec (webtiles) character file.

Game seed: 7383716037602375759

51 qw the Chopper (level 3, -1/21 HPs)
             Began as a Tengu Warper on Aug 28, 2022.
             Succumbed to an adder's poison
             ... on level 2 of the Dungeon.
             The game lasted 00:00:10 (1940 turns).

qw the Chopper (Tengu Warper)                       Turns: 1940, Time: 00:00:10

Health: -1/21      AC:  3    Str: 13    XL:     3   Next: 81%
Magic:  7/7        EV: 12    Int: 13    God:
Gold:   123        SH:  0    Dex: 13    Spells: 6/6 levels left

rFire   . . .      SeeInvis .   Y - +0 hand axe
rCold   . . .      Faith    .   (no shield)
rNeg    . . .      Spirit   .   b - +0 leather armour
rPois   .          Reflect  .   (helmet restricted)
rElec   .          Harm     .   (no cloak)
rCorr   .          Rampage  .   (no gloves)
Will    .....                   (boots unavailable)
Stlth   +.........              h - amulet of the acrobat
HPRegen 0.07/turn               (no ring)
MPRegen 0.10/turn               (no ring)

@: lethally poisoned (-1 -> -7)
A: beak, talons 3
a: no special abilities


You were on level 2 of the Dungeon.
You visited 1 branch of the dungeon, and saw 2 of its levels.

You collected 123 gold pieces.


Innate Abilities, Weirdness & Mutations

You have a beak for a mouth.
You have claws for feet.


   Skills:
 - Level 2.0 Fighting
 + Level 4.4 Axes
 - Level 1.0 Throwing
 - Level 1.1 Armour
 - Level 2.1 Dodging
 - Level 2.0 Spellcasting
 - Level 2.4 Translocations


You had 6 spell levels left.
You didn't know any spells.
Your spell library contained the following spells:

 Spells                   Type           Power      Damage    Failure   Level
 Blink                    Tloc           14%        N/A       19%         2
 Gell's Gravitas          Tloc           7%         N/A       36%         3
 Lesser Beckoning         Tloc           7%         N/A       36%         3
 Teleport Other           Tloc           7%         N/A       36%         3
 Manifold Assault         Tloc           7%         N/A       98%         5

Inventory:

Hand Weapons
 e - a +1 whip of venom
 Y - a +0 hand axe (weapon)
Armour
 b - a +0 leather armour (worn)
 c - a +0 ring mail
Jewellery
 h - an amulet of the acrobat (around neck)
Scrolls
 a - 2 scrolls of identify
 d - a scroll of magic mapping {unknown}
Potions
 f - a potion of heal wounds {unknown}
 g - a potion of berserk rage {unknown}
 i - a potion of cancellation {unknown}

Dungeon Overview and Level Annotations

Branches:
Dungeon (2/15)

Altars:


Message History

You start resting.
An adder is nearby!
The adder hisses angrily.
You barely miss the adder. Your kick misses the adder.
The adder closely misses you. The adder bites you.
You are poisoned.
The adder poisons you!
You hit the adder. You claw the adder, but do no damage. You peck the adder.
The adder is heavily wounded.
You feel sick. The adder completely misses you.
You barely miss the adder. Your peck misses the adder.
The adder is heavily wounded.
You feel sick. The adder barely misses you. The adder closely misses you.
You closely miss the adder. Your kick misses the adder.
The adder is heavily wounded.
You feel sick.
You are no longer poisoned.
The adder bites you.
You are poisoned.
The adder poisons you!
You hit the adder but do no damage.
The adder is heavily wounded.
You feel sick. The adder bites you.
You closely miss the adder. Your kick misses the adder.
The adder is heavily wounded.
You feel sick. The adder bites you.
You are lethally poisoned!
The adder poisons you! The adder bites you but does no damage.
You completely miss the adder. Your kick misses the adder.
Your peck misses the adder.
The adder is heavily wounded.
You feel very sick. The adder bites you but does no damage.
You barely miss the adder.
The adder is heavily wounded.
You feel sick. The adder bites you. The adder closely misses you.
You barely miss the adder. You claw the adder.
You peck the adder, but do no damage.
The adder is severely wounded.
You die...

.....###.#.##..............#
.........#.##..............#
.....#.#.#.##..............#
.....#.#.#.#.............###
.....#.#[#...#...........#
.........#..###..........#
.......###.##?##.........#
............#.)S.........#
.........#.##.##@#.......#
........####. ####...####
.....#)## S. ##..#
.....#..#### ####...#
.....##..#.## ##.#....#
####.###....# #....####
#......%## ##.###
######...###..# ###..#..##


You could see an adder.

Vanquished Creatures
  An adder (D:2)
  2 ball pythons (D:1)
  4 bats
  3 endoplasms
  2 giant cockroaches
  3 goblins
  A hobgoblin (D:2)
  7 jackals
  4 quokkas
  2 frilled lizards
  4 kobolds
  4 rats
37 creatures vanquished.

Notes
Turn   | Place    | Note
-------+----------+-------------------------------------------
     0 | D:1      | qw the Tengu Warper began the quest for the Orb.
     0 | D:1      | Reached XP level 1. HP: 12/12 MP: 4/4
     0 | D:1      | 0 ||| qw: Version: 0.1-a-89-g26bdef1
     0 | D:1      | 0 ||| qw: Game counter: 1923
     0 | D:1      | 0 ||| qw: Always use a shield: true
     0 | D:1      | 0 ||| qw: God list: Okawaru
     0 | D:1      | 0 ||| qw: Allow faded altars: false
     0 | D:1      | 0 ||| qw: Do Orc after D:15 true
     0 | D:1      | 0 ||| qw: Do second Lair branch before Depths: true
     0 | D:1      | 0 ||| qw: Lair rune preference: random
     0 | D:1      | 0 ||| qw: Plans: Normal
     0 | D:1      | 0 ||| PLANNING D:1-11
    46 | D:1      | Reached XP level 2. HP: 15/17 MP: 6/6
    47 | D:1      | Reached skill level 3 in Axes
   515 | D:1      | 515 ||| DROPPING +0 club.
   590 | D:1      | 590 ||| Stepping ~*~*~tactically~*~*~ (water).
   999 | D:1      | Reached XP level 3. HP: 18/21 MP: 7/7
  1126 | D:1      | 1126 ||| UPGRADING to amulet of the acrobat.
  1131 | D:1      | 1131 ||| READING 2 scrolls labelled GOSUAS CYJETH.
  1132 | D:1      | 1132 ||| READING scroll labelled OVUMUPPIKU.
  1133 | D:1      | 1133 ||| DROPPING scroll of blinking.
  1357 | D:2      | Found a faded altar of an unknown god.
  1358 | D:2      | 1358 ||| Stepping ~*~*~tactically~*~*~ (stealth).
  1388 | D:2      | Reached skill level 4 in Axes
  1610 | D:2      | 1610 ||| Stepping ~*~*~tactically~*~*~ (stealth).
  1716 | D:2      | 1716 ||| DROPPING +0 whip.
  1887 | D:2      | 1887 ||| Stepping ~*~*~tactically~*~*~ (stealth).
  1896 | D:2      | 1896 ||| Stepping ~*~*~tactically~*~*~ (stealth).
  1938 | D:2      | HP: 5/21 [poisoned by an adder]
  1939 | D:2      | HP: 1/21 [adder (2)]
  1940 | D:2      | Succumbed to an adder's poison

Levels and vault maps discovered:
D:1:      scummos_arrival_checkerplants, layout_rooms, kennysheep_boxes
D:2:      layout_basic, nicolae_ecumenical_lake_church,
          minmay_fractal_squares_gapless_5

Skill      XL: |  1  2  3 |
---------------+----------+-----
Axes           | 3 4 |  4.4
Fighting       | |  2.0
Throwing       | |  1.0
Armour         | |  1.1
Dodging        | |  2.1
Spellcasting   | |  2.0
Translocations | |  2.4

Action                   || total
-------------------------++-------
Melee: Hand axe          ||   106
       Kick              ||    22
       Peck              ||    14
Throw: Boomerang         ||     7
  Use: Scroll            ||     2
Armor: Leather armour    ||    20
Dodge: Dodged            ||    70

Table legend:
 A = Non-vault XP
 B = Vault XP
 C = Vault XP percentage of total XP
 D = Non-vault monster count
 E = Vault monster count
 F = Vault count percentage of total count
                 A         B        C        D         E       F
            +---------+---------+-------+---------+---------+-------
      Total |      69 |       4 |   5.5 |      34 |       3 |   8.1
            +---------+---------+-------+---------+---------+-------
        D:1 |      34 |       0 |   0.0 |      20 |       0 |   0.0
        D:2 |      35 |       4 |  10.3 |      14 |       3 |  17.6
            +---------+---------+-------+---------+---------+-------
